 Dungeon Crawl Stone Soup version 0.30-a0-778-g2ef04afb54 (webtiles) character file.

Game seed: 12653862118889932814

58 Beavis the Shooter (level 3, -4/28 HPs)
             Began as a Demonspawn Hunter on Feb 16, 2023.
             Slain by Robin
             ... wielding a +0 spear
              (5 damage)
             ... on level 2 of the Dungeon.
             The game lasted 00:01:00 (1154 turns).

Beavis the Shooter (Demonspawn Hunter)              Turns: 1154, Time: 00:01:00

Health: -4/28      AC:  6    Str: 11    XL:     3   Next: 75%
Magic:  3/3        EV: 12    Int: 12    God:
Gold:   107        SH:  0    Dex: 16    Spells: 2/2 levels left

rFire   . . .      SeeInvis .    a - +0 shortbow
rCold   . . .      Faith    .    (shield currently unavailable)
rNeg    . . .      Spirit   .    c - +0 leather armour
rPois   .          Reflect  .    (no helmet)
rElec   .          Harm     .    e - +0 cloak
rCorr   .          Rampage  .    (no gloves)
Will    .....                    (no boots)
Stlth   +                        (no amulet)
HPRegen 0.24/turn                (no ring)
MPRegen 0.08/turn                (no ring)

@: no status effects
A: icy blue scales 1, demonic touch 1
a: no special abilities


You were on level 2 of the Dungeon.
You visited 1 branch of the dungeon, and saw 2 of its levels.

You collected 107 gold pieces.

Inventory:

Hand Weapons
 a - a +0 shortbow (weapon)
Missiles
 d - 2 throwing nets
Armour
 c - a +0 leather armour (worn)
 e - a +0 cloak (worn)
Jewellery
 f - a ring of magical power
Scrolls
 b - a scroll of immolation
 i - a scroll of fog {unknown}
 j - a scroll of identify
Potions
 g - a potion of brilliance
 h - 2 potions of invisibility {unknown}


   Skills:
 + Level 2.8 Fighting
 + Level 4.1 Ranged Weapons
 + Level 2.6 Dodging
 - Level 0.8 Stealth


You had 2 spell levels left.
You didn't know any spells.
Your spell library was empty.

Dungeon Overview and Level Annotations

Branches:
Dungeon (2/15)

Altars:

Annotations:
D:2 Robin


Innate Abilities, Weirdness & Mutations

You are partially covered in icy blue scales. (AC +2)
Your touch may inflict minor irresistible damage on your foes.


Message History

Robin hits you but does no damage. The hobgoblin hits you.
You are too injured to fight recklessly!
You are too injured to fight recklessly!
You are too injured to fight recklessly!
You are too injured to fight recklessly!
You are too injured to fight recklessly!
You are too injured to fight recklessly!
You are too injured to fight recklessly!
You are too injured to fight recklessly!
You are too injured to fight recklessly!
You are too injured to fight recklessly!
You are too injured to fight recklessly!
You are too injured to fight recklessly!
You are too injured to fight recklessly!
You are too injured to fight recklessly!
You are too injured to fight recklessly!
You are too injured to fight recklessly!
You are too injured to fight recklessly!
You are too injured to fight recklessly!
You are too injured to fight recklessly!
You are too injured to fight recklessly!
You are too injured to fight recklessly!
You are too injured to fight recklessly!
You are too injured to fight recklessly!
You are too injured to fight recklessly!
You are too injured to fight recklessly!
You are too injured to fight recklessly!
You are too injured to fight recklessly!
You are too injured to fight recklessly!
You are too injured to fight recklessly!
You are too injured to fight recklessly!
You are too injured to fight recklessly!
You are too injured to fight recklessly!
You shoot an arrow. The arrow closely misses the goblin.
The hobgoblin hits you.
* * * LOW HITPOINT WARNING * * *
The goblin closely misses you. The hobgoblin hits you.
* * * LOW HITPOINT WARNING * * *
Robin hits you from afar with a +0 spear.
You die...

#############
............#
............# ######
............### #....#
...<........'.# #....##
............#.# #.....#
.........)g.#.#####.....#
........$@..#.))..'.....#
(.......gg..#######.....##
.........g..# #.......#...
######...).## #.#####.####
.).....# #.# #.....
........####.##########
.(.......##.............
.........##..†##########
#...#


You could see Robin, 2 hobgoblins and a goblin (strong).

Vanquished Creatures
  3 dart slugs
  6 ball pythons
  4 bats (D:1)
  6 endoplasms (D:1)
  2 giant cockroaches (D:1)
  10 goblins
  2 hobgoblins (D:2)
  3 jackals (D:1)
  3 kobolds (D:1)
  A quokka (D:1)
  2 frilled lizards (D:1)
  3 rats (D:1)
45 creatures vanquished.

Notes
Turn   | Place    | Note
-------+----------+-------------------------------------------
     0 | D:1      | Beavis the Demonspawn Hunter began the quest for the Orb.
     0 | D:1      | Reached XP level 1. HP: 16/16 MP: 1/1
   242 | D:1      | Gained mutation: Your touch may inflict minor irresistible
                  | damage on your foes. [demonic ancestry]
   242 | D:1      | Reached XP level 2. HP: 22/22 MP: 2/2
   441 | D:1      | Gained mutation: You are partially covered in icy blue
                  | scales. (AC +2) [demonic ancestry]
   441 | D:1      | Reached XP level 3. HP: 28/28 MP: 3/3
   604 | D:1      | Reached skill level 4 in Ranged Weapons
  1144 | D:2      | Noticed Robin
  1154 | D:2      | HP: 1/28 [hobgoblin[Robin] (5)]
  1154 | D:2      | Slain by Robin

Illustrated notes

Levels and vault maps discovered:
D:1:      lightli_arrival_quake, layout_loops_ring, serial_forest,
          infiniplex_forest_end_3, infiniplex_forest_corner_1,
          infiniplex_forest_straight_3, infiniplex_forest_straight_1,
          infiniplex_forest_end_1, infiniplex_forest_clump_C,
          infiniplex_forest_corner_1, infiniplex_forest_lined_corner
D:2:      layout_basic, uniq_sigmund, uniq_robin

Skill      XL: |  1  2  3 |
---------------+----------+-----
Dodging        | 2 |  2.6
Ranged Weapons | 4 |  4.1
Fighting       | |  2.8
Stealth        | |  0.8

Action                     || total
---------------------------++-------
   Fire: Shortbow          ||   121
    Use: Scroll            ||     2
 Armour: Leather armour    ||    22
  Dodge: Dodged            ||    48

Table legend: (Time is in decaauts)
 A = Elapsed time spent in this place.
 B = Non-inter-level travel time spent in this place.
 C = Inter-level travel time spent in this place.
 D = Time resting spent in this place.
 E = Time spent auto-exploring this place.
 F = Levels seen in this place.
 G = Mean time per level.
                   A        B        C        D        E       F      G
               +--------+--------+--------+--------+--------+-----+--------+
         Total |   1195 |   1169 |     26 |      0 |    932 |   2 |  597.5 |
       Dungeon |   1195 |   1169 |     26 |      0 |    932 |   2 |  597.5 |
               +--------+--------+--------+--------+--------+-----+--------+

Top non-repeatable levels by time:
     D:1: 932 daAuts
     D:2: 263 daAuts
